Match 47363759
Unlisted

Match 47363759
End
Selects Italian Combined Arms Battlegroup
Selects Bersaglieri Squad
Bersaglieri Squad
Panzerpioneer Squad
Bersaglieri Squad
Bersaglieri Squad
Construct Light Support Kompanie
2.5-tonne Medical Truck
Selects Bersaglieri Bolster
Panzerjäger Mechanized Group
Fire Support Elements
Selects Breda Model 30 Light Machine Guns
Veteran Squad Leaders
Construct Mechanized Kompanie
Marder III Tank Destroyer
Selects Semovente da 75/18 Assault Gun
Marder III Tank Destroyer
Vehicle Survival Package
Tungsten Core Ammunition
Selects Carro Armato M13/40 Light Tank
Rapid Advance
Selects Pact of Steel
Carro Armato M13/40 Light Tank
Emergency Repair Kits
Carro Armato M13/40 Light Tank
Carro Armato M13/40 Light Tank
Carro Armato M13/40 Light Tank
Carro Armato M13/40 Light Tank
【嗜血狼族】灵狐魅儿
코카콜라제로
楚云飞
XXxxxGxxxXX
Yudachi
goodgame
xzh
..................
0
0

Comments sign in to comment!

No comments posted yet!